 Dungeon Crawl Stone Soup version 0.22.1-2-g9c5b331 (webtiles) character file.

1380 Subspace the Spear-Bearer (level 8, 0/68 HPs)
             Began as a Minotaur Fighter on Dec 3, 2018.
             Was a Follower of Ashenzari.
             Slain by a hornet (6 damage)
             ... on level 5 of the Dungeon.
             The game lasted 00:20:54 (3440 turns).

Subspace the Spear-Bearer (Minotaur Fighter)        Turns: 3440, Time: 00:20:55

Health: 0/68       AC:  7    Str: 23    XL:     8   Next: 39%
Magic:  7/7        EV:  9    Int:  5    God:    Ashenzari [*.....]
Gold:   313        SH: 10    Dex: 10    Spells: 7/7 levels left

rFire    . . .     SeeInvis .   a - +0 trident
rCold    . . .     Gourm    .   c - +0 shield
rNeg     . . .     Faith    .   b - +0 scale mail
rPois    .         Spirit   .   (helmet restricted)
rElec    .         Reflect  .   (no cloak)
rCorr    .         Harm     .   (no gloves)
MR       +....                  (no boots)
Stlth    ..........             i - amulet of regeneration
HPRegen  0.61/turn              (no ring)
MPRegen  0.10/turn              (no ring)

@: slowed, drained, very slow
A: retaliatory headbutt, horns 2, magic resistance 1, wild magic 1
a: Curse Item, Scrying, Renounce Religion


You were on level 5 of the Dungeon.
You worshipped Ashenzari.
Ashenzari was aware of your devotion.
You were not hungry.

You visited 1 branch of the dungeon, and saw 5 of its levels.

You collected 313 gold pieces.

Inventory:

Hand Weapons
 a - a +0 trident (weapon)
Armour
 b - a +0 scale mail (worn)
 c - a +0 shield (worn)
Jewellery
 i - an amulet of regeneration (around neck)
 p - an uncursed ring of positive energy
Wands
 m - a wand of random effects (10)
Scrolls
 d - 5 scrolls of identify {unknown}
 e - 5 scrolls of remove curse
 g - 2 scrolls of teleportation
 h - a scroll of enchant weapon {unknown}
 j - 2 scrolls of enchant armour {unknown}
 n - a scroll of random uselessness {unknown}
 q - a scroll of noise {unknown}
 s - a scroll of amnesia {unknown}
 t - a scroll of blinking {unknown}
Potions
 k - 3 potions of curing
 l - a potion of agility {unknown}
 o - a potion of cancellation {unknown}
 r - a potion of ambrosia {unknown}
 u - a potion of flight {unknown}
 v - a potion of resistance {unknown}
 w - a potion of degeneration {unknown}
Comestibles
 f - 13 rations
 x - a chunk of flesh


   Skills:
 + Level 5.1(4.7) Fighting
 + Level 8.0(7.6) Polearms
 + Level 7.0(6.5) Armour
 + Level 3.5(3.1) Dodging
 + Level 0.7(0.3) Stealth
 + Level 6.1(5.7) Shields


You had 7 spell levels left.
You didn't know any spells.
Your spell library contained the following spells:

 Spells                   Type           Power        Failure   Level  Hunger
 Magic Dart               Conj           #...         99%         1    ##.....
 Blink                    Tloc           N/A          100%        2    ###....
 Call Imp                 Summ           #.......     100%        2    ###....
 Slow                     Hex            #.......     100%        2    ###....
 Conjure Flame            Conj/Fire      #.......     100%        3    ####...
 Mephitic Cloud           Conj/Pois/Air  #.......     100%        3    ####...


Dungeon Overview and Level Annotations

Branches:
Dungeon (5/15)
 Temple: D:4-7

Altars:
Ashenzari
Sif Muna
Trog
Xom

Shops:
D:4 }

Annotations:
D:5 Grinder


Innate Abilities, Weirdness & Mutations

You reflexively headbutt those who attack you in melee.
You have a pair of horns on your head.
You are resistant to hostile enchantments. (MR+)
Your spells are a little harder to cast, but a little more powerful.


Message History

Grinder blinks!
The hornet stings you but does no damage.
You barely miss the hornet. The hornet closely misses you.
The hornet stings you.
You feel as though you will be slow longer.
Grinder gestures at you. You resist with some effort.
You hit the hornet but do no damage. Your headbutt misses the hornet.
The hornet stings you!
You feel as though you will be slow longer.
You block the hornet's attack.
You hit the hornet. Your headbutt misses the hornet.
The hornet is lightly wounded.
The hornet stings you!
* * * LOW HITPOINT WARNING * * *
You feel as though you will be slow longer.
Grinder hits you!
* * * LOW HITPOINT WARNING * * *
The hornet stings you.
You die...

.... ##.....## ##.
###..###........ #..
.........### ...
.#####...##. .. ..##
#...### #.#
...####...#.. ##..
.....##.....# ##..5##
#..........##
##....@####...####....#
.......y.##..# ##....
.............# ##.#..
...#.......#.## ##...##
......##..###.####.....#
####.. #..# #..##......#
##. #..# #.....#....# ##
...# #....#.#.##!
#...##..##...#.# #


You could see Grinder and a hornet.

Vanquished Creatures
  Pikel (D:4)
  Edmund (D:5)
  An ogre (D:4)
  A phantom (D:4)
  A scorpion (D:4)
  2 howler monkeys
  3 orc priests (D:4)
  2 hounds (D:4)
  Jessica (D:3)
  An orc wizard (D:5)
  Natasha (twice) (D:2)
  A worker ant (D:4)
  Robin (D:2)
  7 gnolls
  3 adders (D:3)
  A shadow imp (D:5)
  An adder skeleton (D:4)
  4 worms
  4 dart slugs
  3 leopard geckos
  11 orcs
  5 ball pythons
  6 bats
  4 giant cockroaches
  11 goblins
  9 hobgoblins
  3 jackals (D:1)
  5 kobolds
  2 quokkas
  5 frilled lizards
  6 rats
108 creatures vanquished.

Vanquished Creatures (others)
  A dart slug (D:4)
1 creature vanquished.

Grand Total: 109 creatures vanquished

Notes
Turn   | Place    | Note
-------+----------+-------------------------------------------
     0 | D:1      | Subspace the Minotaur Fighter began the quest for the Orb.
     0 | D:1      | Reached XP level 1. HP: 19/19 MP: 0/0
    95 | D:1      | Reached XP level 2. HP: 27/27 MP: 1/1
   615 | D:2      | Reached skill level 3 in Polearms
   640 | D:2      | Found a shattered altar of Ashenzari.
   643 | D:2      | Reached XP level 3. HP: 33/33 MP: 2/2
   649 | D:2      | Became a worshipper of Ashenzari the Shackled
   829 | D:2      | Noticed Robin
   845 | D:2      | Killed Robin
  1096 | D:2      | Reached XP level 4. HP: 40/40 MP: 3/3
  1291 | D:2      | Found a deep blue altar of Sif Muna.
  1380 | D:2      | Reached skill level 1 in Dodging
  1396 | D:2      | Gained mutation: Your spells are a little harder to cast,
                  | but a little more powerful. [potion of mutation]
  1396 | D:2      | Gained mutation: You are resistant to hostile enchantments.
                  | (MR+) [potion of mutation]
  1428 | D:2      | Reached * piety under Ashenzari
  1489 | D:2      | Noticed Natasha
  1494 | D:2      | Killed Natasha
  1494 | D:2      | Reached XP level 5. HP: 46/46 MP: 4/4
  1697 | D:2      | Noticed Natasha
  1707 | D:2      | Killed Natasha
  1707 | D:2      | Reached skill level 4 in Polearms
  1761 | D:3      | Found a bloodstained altar of Trog.
  2114 | D:3      | Noticed Jessica
  2120 | D:3      | Killed Jessica
  2120 | D:3      | Reached skill level 5 in Armour
  2385 | D:4      | Reached XP level 6. HP: 53/53 MP: 5/5
  2388 | D:4      | Paralysed by a gnoll for 3 turns
  2394 | D:4      | Found a shimmering altar of Xom.
  2486 | D:4      | Noticed Pikel
  2487 | D:4      | Noticed a slave
  2488 | D:4      | Noticed a slave
  2489 | D:4      | Noticed a slave
  2490 | D:4      | Noticed a slave
  2494 | D:4      | Killed Pikel
  2494 | D:4      | Reached skill level 6 in Polearms
  2494 | D:4      | Reached skill level 5 in Shields
  2494 | D:4      | Reached XP level 7. HP: 60/60 MP: 6/6
  2563 | D:4      | Reached skill level 7 in Polearms
  2574 | D:4      | Found Eblerij's Gadget Shoppe.
  2826 | D:4      | Reached XP level 8. HP: 63/67 MP: 7/7
  3062 | D:4      | Reached skill level 5 in Fighting
  3129 | D:5      | Entered Level 5 of the Dungeon
  3222 | D:5      | Noticed Edmund
  3238 | D:5      | Killed Edmund
  3238 | D:5      | Reached skill level 8 in Polearms
  3418 | D:5      | Noticed Grinder
  3429 | D:5      | Noticed a hornet
  3435 | D:5      | Paralysed by a hornet for 2 turns
  3440 | D:5      | Slain by a hornet

Skill      XL: |  1  2  3  4  5  6  7  8 |
---------------+-------------------------+-----
Fighting       | 4 5 |  5.1
Armour         | 4 5 6 7 |  7.0
Shields        | 4 5 6 |  6.1
Polearms       | 3 4 6 7 8 |  8.0
Dodging        | 1 2 3 |  3.5
Stealth        | |  0.7

Action                   |  1- 3 |  4- 6 |  7- 9 || total
-------------------------+-------+-------+-------++-------
Melee: Trident           |   121 |   155 |   106 ||   382
       Headbutt          |    19 |    23 |    18 ||    60
  Use: Potion            |     4 |     2 |       ||     6
       Scroll            |     1 |       |       ||     1
  Eat: Chunk             |       |     2 |     3 ||     5
       Ration            |       |     1 |       ||     1
Armor: Scale mail        |    53 |    49 |    23 ||   125
Dodge: Dodged            |    41 |    48 |    22 ||   111
Block: Shield            |    65 |    68 |    45 ||   178
